 Dungeon Crawl Stone Soup version 0.26.0-16-gc1dbca0489 (webtiles) character file.

Game seed: 9025569341136120952

416 thiole the Sneak (level 6, -4/36 HPs)
             Began as an Octopode Hedge Wizard on Jan 21, 2021.
             Slain by a centaur (9 damage)
             ... on level 4 of the Dungeon.
             The game lasted 00:10:32 (5342 turns).

thiole the Sneak (Octopode Hedge Wizard)            Turns: 5342, Time: 00:10:32

Health: -4/36      AC:  2    Str: 12 (15) XL:     6   Next: 92%
Magic:  12/12      EV: 13    Int: 17 (19) God:
Gold:   190        SH:  0    Dex:  8 (11) Spells: 4/13 levels left

rFire    . . .     SeeInvis .   a - +0 dagger
rCold    . . .     Faith    .   (no shield)
rNeg     . . .     Spirit   .   b - +1 hat
rPois    +         Reflect  .   (no amulet)
rElec    .         Harm     .   h - ring of poison resistance
rCorr    .         Rampage  .   q - +6 ring of strength
Will     .....                  (no ring)
Stlth    ++++......             (no ring)
HPRegen  0.12/turn              (no ring)
MPRegen  0.13/turn              (no ring)
                                (no ring)
                                (no ring)

@: no status effects
A: almost no armour, stealthy swim, amphibious, 8 rings, constrict 8, camouflage
1, gelatinous body 1
a: no special abilities


You were on level 4 of the Dungeon.
You visited 1 branch of the dungeon, and saw 5 of its levels.

You collected 190 gold pieces.

Inventory:

Hand Weapons
 a - a +0 dagger (weapon)
Armour
 b - a +1 hat (worn)
Jewellery
 h - a ring of poison resistance (left tentacle)
 q - a +6 ring of strength (right tentacle)
Wands
 c - a wand of enslavement (12)
 g - a wand of polymorph (7)
 o - a wand of acid (11)
Scrolls
 e - a scroll of identify
 f - 2 scrolls of random uselessness
 i - 3 scrolls of teleportation
 j - 2 scrolls of amnesia {unknown}
 k - 2 scrolls of enchant weapon {unknown}
 m - a scroll of blinking
 n - a scroll of enchant armour
 p - a scroll of remove curse {unknown}
Potions
 d - 2 potions of degeneration
 r - a potion of attraction {unknown}
 s - a potion of heal wounds {unknown}
 t - 2 potions of curing


   Skills:
 - Level 2.0 Dodging
 + Level 5.4 Stealth
 + Level 4.1 Spellcasting
 - Level 2.0 Conjurations
 + Level 3.1 Summonings
 - Level 1.0 Translocations
 * Level 3.3 Air Magic


You had 4 spell levels left.
You knew the following spells:

 Your Spells              Type           Power        Failure   Level
a - Magic Dart            Conj           40%          7%          1
b - Call Imp              Summ           14%          6%          2
c - Mephitic Cloud        Conj/Pois/Air  9%           22%         3
d - Slow                  Hex            3%           24%         2
e - Animate Skeleton      Necr           6%           16%         1

Your spell library contained the following spells:

 Spells                   Type           Power        Failure   Level
 Summon Small Mammal      Summ           56%          4%          1
 Apportation              Tloc           12%          11%         1
 Corona                   Hex            3%           16%         1
 Blink                    Tloc           N/A          16%         2
 Conjure Flame            Conj/Fire      6%           30%         3


Dungeon Overview and Level Annotations

Branches:
Dungeon (5/15)
 Temple: D:4-7

Altars:
Cheibriados
Nemelex Xobeh

Annotations:
D:3 1 runed translucent door, Crazy Yiuf


Innate Abilities, Weirdness & Mutations

You cannot wear most types of armour.
You are very stealthy in the water. (Stealth+)
You are amphibious.
You can wear up to eight rings at the same time.
You can use your tentacles to constrict eight enemies at once.
Your skin changes colour to match your surroundings (Stealth+).
Your rubbery body absorbs attacks. (AC +1, EV +1)


Message History

The centaur closely misses you.
Aiming: Enslavement
Press: ? - help, Shift-Dir - straight line, f/p - centaur
Aim: a centaur, quivering 25 arrows (lightly wounded, chance to affect: 46%)
The centaur is charmed.
There is a stone staircase leading up here.
You climb upwards.
There is a stone staircase leading down here.
There is an open door here.
There is an open door here.
You start resting.
The centaur is no longer charmed.
The centaur misses you.
Aiming: Corrosive Bolt
Press: ? - help, Shift-Dir - straight line, f - centaur
Aim: a centaur, quivering 25 arrows (17% to evade)
The bolt of acid hits the centaur!
The centaur is splashed with acid.
The acid corrodes the centaur!
The centaur is heavily wounded.
The centaur hits you!
You die...

#.
.........#...........#
.........#...........#
.........'...........'.?
###..#####...........###
##..##..#.......####..
#.......#....>..'..#...
#.......'.......#..# ..
#.###.c#.........##
#@##.....####...
.........'.....# ..
.........#.....# .
##########.....# #######


You could see a centaur (corroded).

Vanquished Creatures
  2 scorpions
  A howler monkey (D:4)
  An iguana (D:3)
  A gnoll (D:4)
  4 adders
  2 oozes (D:3)
  2 worms
  4 dart slugs
  A leopard gecko (D:5)
  3 orcs
  7 giant cockroaches
  9 goblins
  8 hobgoblins
  7 jackals (D:1)
  7 bats
  3 frilled lizards (D:2)
  11 kobolds
  6 rats
79 creatures vanquished.

Vanquished Creatures (collateral kills)
  An ogre (D:4)
  A scorpion (D:4)
  7 gnolls (D:4)
  An orc (D:4)
10 creatures vanquished.

Vanquished Creatures (others)
  28 plants (D:3)
28 creatures vanquished.

Grand Total: 117 creatures vanquished

Notes
Turn   | Place    | Note
-------+----------+-------------------------------------------
     0 | D:1      | thiole the Octopode Hedge Wizard began the quest for the
                  | Orb.
     0 | D:1      | Reached XP level 1. HP: 11/11 MP: 4/4
   147 | D:1      | Reached XP level 2. HP: 9/17 MP: 1/6
   496 | D:1      | Reached skill level 3 in Stealth
   878 | D:1      | Found a snail-covered altar of Cheibriados.
   882 | D:1      | Reached XP level 3. HP: 21/21 MP: 4/7
  1966 | D:2      | Reached XP level 4. HP: 12/27 MP: 7/9
  2568 | D:3      | Reached skill level 4 in Stealth
  2571 | D:3      | Learned a level 2 spell: Call Imp
  2575 | D:3      | Learned a level 3 spell: Mephitic Cloud
  2578 | D:3      | Learned a level 2 spell: Slow
  2753 | D:3      | Reached skill level 1 in Air Magic
  2817 | D:3      | Reached XP level 5. HP: 14/31 MP: 5/10
  3060 | D:3      | Found a sparkling altar of Nemelex Xobeh.
  3332 | D:3      | Found a runed translucent door.
  3333 | D:3      | Noticed Crazy Yiuf
  3718 | D:4      | Reached XP level 6. HP: 23/36 MP: 4/11
  3977 | D:4      | Noticed a phantom
  4268 | D:4      | Reached skill level 5 in Stealth
  4531 | D:4      | Learned a level 1 spell: Animate Skeleton
  4914 | D:5      | Entered Level 5 of the Dungeon
  5310 | D:5      | HP: 1/36 [centaur (3)]
  5342 | D:4      | Slain by a centaur

Illustrated notes

Levels and vault maps discovered:
D:1:      shiori_arrival_elements, layout_rooms, cheibriados_altar_1
D:2:      layout_loops_ring, st_stairs_14
D:3:      layout_rooms, overflow_temple_1_default, serial_bayou_lagoon_a,
          minmay_misc_feat_room, uniq_crazy_yiuf_cottage
D:4:      layout_gridville, fedhas_altar_4, minmay_misc_feat_rows,
          minmay_misc_feat_x
D:5:      layout_loops_ring, minmay_temple_entry_arrows

Skill      XL: |  1  2  3  4  5  6 |
---------------+-------------------+-----
Stealth        | 3 4 5 |  5.4
Conjurations   | 2 |  2.0
Summonings     | 2 3 |  3.1
Air Magic      | 1 2 3 |  3.3
Spellcasting   | 4 |  4.1
Dodging        | |  2.0
Translocations | |  1.0

Action                   |  1- 3 |  4- 6 || total
-------------------------+-------+-------++-------
Melee: Dagger            |    77 |    96 ||   173
       Constrict         |    25 |    26 ||    51
       Tentacles         |    12 |    15 ||    27
 Cast: Magic Dart        |    55 |    99 ||   154
       Call Imp          |       |    19 ||    19
Evoke: Wand              |       |     2 ||     2
  Use: Scroll            |     3 |     4 ||     7
       Potion            |       |     3 ||     3
 Stab: Sleeping          |       |     1 ||     1
Armor: Skin              |     8 |     7 ||    15
Dodge: Dodged            |    44 |    50 ||    94
